 Dungeon Crawl Stone Soup version 0.19-a0-1183-gcd7e582 (webtiles) character file.

35343 Kugarra the Jinx (level 13, -5/72 HPs)
             Began as a Spriggan Enchanter on Aug 18, 2016.
             Was the Champion of Dithmenos.
             Killed from afar by a rime drake (18 damage)
             ... with a flash freeze
             ... on level 6 of the Lair of Beasts.
             The game lasted 02:04:09 (18585 turns).

Kugarra the Jinx (Spriggan Enchanter)              Turns: 18585, Time: 02:04:09

Health: -5/72      AC:  4    Str:  5    XL:     13   Next: 47%
Magic:  20/29      EV: 26    Int: 20    God:    Dithmenos [******]
Gold:   989        SH:  0    Dex: 17    Spells: 4 memorised, 22 levels left

rFire  . . .     SeeInvis +     a - +2 dagger
rCold  . . .     Gourm    .     b - +2 robe
rNeg   . . .     Faith    .     (shield restricted)
rPois  .         Spirit   .     (helmet restricted)
rElec  .         Dismiss  .     (no cloak)
rCorr  .         Reflect  .     (gloves unavailable)
MR     +++..     Harm     .     (boots unavailable)
Stlth  ++++++++++               w - amulet of regeneration
                                m - ring "Qiriqiet" {+Blink SInv}
                                n - ring of protection from magic

@: wreathed by umbra, very quick
A: unfitting armour, see invisible, herbivore 3, speed 3, slow metabolism 2
a: Shadow Step, Shadow Form, Renounce Religion, Evoke Blink


You were on level 6 of the Lair of Beasts.
You worshipped Dithmenos.
Dithmenos was exalted by your worship.
You were not hungry.

You visited 3 branches of the dungeon, and saw 17 of its levels.
You also visited: Labyrinth.

You collected 1005 gold pieces.
You spent 16 gold pieces at shops.

Inventory:

Hand Weapons
 a - a +2 dagger (weapon)
 u - a +1 vampiric rapier
 C - a +0 dagger of venom
 X - a +0 short sword of protection
Armour
 b - a +2 robe (worn)
 l - a +0 cloak of invisibility
Jewellery
 m - the ring "Qiriqiet" (right hand) {+Blink SInv}
   (You found it on level 4 of the Dungeon)

   [ring of see invisible]

   It lets you see invisible.
   It lets you blink.
 n - a ring of protection from magic (left hand)
 p - an uncursed ring of resist corrosion
 w - an amulet of regeneration (around neck)
 E - an uncursed ring of wizardry {unknown}
Wands
 v - a wand of digging (9/24)
 x - a wand of lightning (5/15)
 D - a wand of iceblast (10/15)
 F - a wand of disintegration (8/24)
 N - a wand of hasting (5/9)
 S - a wand of disintegration (9/24)
Scrolls
 r - a scroll of enchant weapon
 s - a scroll of enchant armour
 y - 5 scrolls of remove curse
 z - 3 scrolls of teleportation
 I - 2 scrolls of blinking
 Z - 2 scrolls of fear
Potions
 e - 5 potions of flight
 f - 2 potions of haste
 g - 3 potions of might
 i - 6 potions of heal wounds {unknown}
 j - 2 potions of lignification {unknown}
 k - 6 potions of curing
 o - 2 potions of degeneration {unknown}
 t - 2 potions of berserk rage {unknown}
 A - 3 potions of resistance {unknown}
 B - a potion of invisibility {unknown}
 H - a potion of agility
 J - a potion of brilliance {unknown}
 P - 2 potions of mutation {unknown}
 W - a potion of magic {unknown}
Books
 c - a book of Maledictions

   Spells                             Type                      Level
   a - Corona                         Hexes                        1
   b - Ensorcelled Hibernation        Hexes/Ice                    2
   c - Confuse                        Hexes                        3
   d - Tukima's Dance                 Hexes                        3
   e - Dazzling Spray                 Conjuration/Hexes            3
 q - a book of the Warp

   Spells                             Type                      Level
   a - Gell's Gravitas                Hexes/Translocation          3
   b - Force Lance                    Conjuration/Translocation    4
   c - Summon Forest                  Summoning/Translocation      5
   d - Dispersal                      Translocation                6
   e - Controlled Blink               Translocation                8
   f - Disjunction                    Translocation                8
 Q - a book of Dreams

   Spells                             Type                      Level
   a - Ensorcelled Hibernation        Hexes/Ice                    2
   b - Silence                        Hexes/Air                    5
   c - Darkness                       Hexes                        6
   d - Shadow Creatures               Summoning                    6
Comestibles
 d - 13 bread rations
 h - 15 fruits
 G - 4 slices of pizza


   Skills:
 - Level 10.1 Fighting
 - Level 10.1 Short Blades
 - Level 10.4 Dodging
 - Level 12.1 Stealth
 - Level 11.0 Spellcasting
 * Level 13.9 Hexes
 - Level 2.0 Ice Magic


You had 22 spell levels left.
You knew the following spells:

 Your Spells              Type           Power        Failure   Level  Hunger
a - Corona                Hex            ######.      1%          1    None
b - Ensorcelled Hibernat  Hex/Ice        #####.       1%          2    None
c - Confuse               Hex            ######..     1%          3    None
d - Darkness              Hex            ######....   3%          6    ######.


Dungeon Overview and Level Annotations

Branches:
Dungeon (10/15)            Temple (1/1) D:6            Lair (6/6) D:10
  Swamp (0/4) Lair:2        Snake (0/4) Lair:3          Orc (0/2) D:9
  Slime: Lair:5-6

Altars:
Ashenzari
Cheibriados
Dithmenos
Elyvilon
Fedhas
Hepliaklqana
Kikubaaqudgha
Makhleb
Nemelex Xobeh
Okawaru
Qazlal
Ru
Sif Muna
Trog
Uskayaw
Vehumet
Xom
Yredelemnul
Zin
The Shining One

Shops:
D:7 %   D:10 %

Annotations:
Lair:5 exclusion: oklob plant
Lair:6 exclusion: oklob plant


Innate Abilities, Weirdness & Mutations

You are tiny and cannot use many weapons and most armour.
You have supernaturally acute eyesight. (SInv)
You are a herbivore.
You cover ground extremely quickly.
You need consume almost no food.


Message History

Your shadow mimicks your spell!
The rime drake is unaffected.
The giant frog completely misses you. The rime drake completely misses you.
The giant frog completely misses you. The ice encasing you melts away.
The rime drake barely misses you.
Casting: Ensorcelled Hibernation
Confirm with . or Enter, or press ? or * to list all spells.
You can't see any susceptible monsters within range! (Use Z to cast anyway.)
The rime drake breathes ice at you. The flash freeze hits you!
* * * LOW HITPOINT WARNING * * *
You emit a cloud of dark smoke.
You are encased in ice.
The ice encasing you melts away.
There is a stone staircase leading up here.
You can't go down here!
The rime drake breathes ice at you. The flash freeze hits you!
You die...

##.............PP.
#............Y.P.P
#.§.....÷......PP. ##
#.§.(.............
#.###.#§F.............
##...l#§§§............
#.....##F§............
##..†.kF§§...........#
###.@#.§§..........#.
#.............P#.#..
#.♣♣♣♣♣........#....
........♣
♣...P...##....
#.......♣ ♣.........
.. #.....#.♣
♣.P.#...... #....##.♣
♣..P....... ..... ...
... .... ..P


You could see a basilisk, a rime drake and a giant frog.

Vanquished Creatures
  Josephine (D:10)
  A minotaur (Lab)
  7 hydras
  4 death yaks (Lair:3)
  2 griffons
  14 elephants
  A torpor snail (Lair:3)
  A gargoyle (D:10)
  5 spiny frogs
  A rime drake (Lair:5)
  6 komodo dragons
  A troll (D:10)
  2 polar bears
  Grinder (D:4)
  6 blink frogs (Lair:5)
  Sigmund (D:2)
  24 yaks
  4 wraiths (D:10)
  A hungry ghost (D:10)
  Eustachio (D:4)
  4 basilisks
  6 hippogriffs
  Menkaure (D:4)
  A vampire mosquito (Lair:6)
  4 nagas (Lair:3)
  A mottled dragon (D:9)
  6 water moccasins
  6 porcupines
  5 orc warriors
  2 sky beasts
  2 black bears (D:8)
  4 ice beasts
  4 phantoms
  A wasp (D:9)
  9 wolves
  6 ogres
  2 necrophages
  3 centaurs
  9 crocodiles
  4 big kobolds (D:8)
  13 giant frogs
  A water moccasin zombie (D:4)
  A wyvern skeleton (D:8)
  5 killer bees (D:8)
  3 scorpions
  8 wights
  An electric eel (Lair:3)
  4 howler monkeys
  3 crimson imps
  Crazy Yiuf (D:4)
  4 jellies
  8 orc priests
  3 hounds (D:10)
  6 orc wizards
  A giant frog skeleton (D:7)
  2 gnoll shamans
  6 iguanas
  Natasha (thrice) (D:2 D:3)
  7 worker ants
  7 sheep
  A hound skeleton (D:8)
  Robin (D:2)
  2 howler monkey zombies (D:5)
  7 gnolls
  9 adders
  A howler monkey skeleton (D:5)
  11 river rats
  A shadow imp (D:8)
  An adder zombie (D:5)
  2 oozes
  2 adder skeletons
  A worm (D:4)
  2 dart slugs
  7 giant geckos
  50 orcs
  3 ball pythons
  7 giant cockroaches
  13 goblins
  17 hobgoblins
  5 jackals
  4 quokkas
  4 bats
  A giant cockroach zombie (D:6)
  6 giant newts
  12 kobolds
  9 rats
430 creatures vanquished.

Vanquished Creatures (others)
  A fungus (Lair:6)
  13 plants
14 creatures vanquished.

Grand Total: 444 creatures vanquished

Notes
Turn   | Place    | Note
-------+----------+-------------------------------------------
     0 | D:1      | Kugarra the Spriggan Enchanter began the quest for the Orb.
     0 | D:1      | Reached XP level 1. HP: 9/9 MP: 5/5
   202 | D:1      | Reached XP level 2. HP: 8/13 MP: 6/6
   299 | D:1      | Learned a level 2 spell: Ensorcelled Hibernation
   762 | D:2      | Found a faded altar of an unknown god.
   762 | D:2      | Noticed Robin
   821 | D:2      | Reached XP level 3. HP: 13/16 MP: 8/8
   844 | D:2      | Killed Robin
  1149 | D:2      | Learned a level 3 spell: Confuse
  1176 | D:2      | Noticed Sigmund
  1338 | D:2      | Found a stormy altar of Qazlal.
  1372 | D:2      | Found a sacrificial altar of Ru.
  1518 | D:2      | Reached XP level 4. HP: 21/21 MP: 9/9
  1569 | D:2      | Noticed Natasha
  1573 | D:2      | Killed Natasha
  1573 | D:2      | Reached skill level 4 in Hexes
  1866 | D:2      | Found a shadowy altar of Dithmenos.
  1879 | D:2      | Killed Sigmund
  1879 | D:2      | Reached skill level 6 in Hexes
  1879 | D:2      | Reached XP level 5. HP: 17/24 MP: 6/10
  1887 | D:2      | Became a worshipper of Dithmenos the Shadowed
  1898 | D:2      | Found a shadowy altar of Dithmenos.
  1989 | D:2      | Noticed Natasha
  1995 | D:2      | Killed Natasha
  1995 | D:2      | Reached XP level 6. HP: 18/28 MP: 2/11
  2112 | D:2      | Reached skill level 7 in Hexes
  3080 | D:3      | Noticed Natasha
  3087 | D:3      | Killed Natasha
  3419 | D:3      | Reached * piety under Dithmenos
  3668 | D:3      | Reached skill level 8 in Hexes
  3778 | D:4      | Noticed Grinder
  3780 | D:4      | Noticed Menkaure
  4056 | D:4      | Killed Menkaure
  4056 | D:4      | Reached XP level 7. HP: 32/32 MP: 9/14
  4130 | D:4      | Killed Grinder
  4130 | D:4      | Reached skill level 5 in Spellcasting
  4354 | D:4      | Found a large runed door.
  4354 | D:4      | Found a large runed door.
  4521 | D:4      | Found a runed door.
  4525 | D:4      | Noticed Crazy Yiuf
  4530 | D:4      | Killed Crazy Yiuf
  5084 | D:4      | Noticed Eustachio
  5107 | D:4      | Killed Eustachio
  5107 | D:4      | Reached XP level 8. HP: 14/36 MP: 16/20
  5186 | D:4      | Found a large runed door.
  5186 | D:4      | Found a large runed door.
  5216 | D:4      | Got a coiled golden ring
  5425 | D:4      | Identified the Guide on Earth and Venom
  5459 | D:5      | Entered Level 5 of the Dungeon
  5552 | D:5      | Reached ** piety under Dithmenos
  5629 | D:5      | Reached skill level 5 in Stealth
  5673 | D:5      | Found an ancient bone altar of Kikubaaqudgha.
  6108 | D:5      | Found a deep blue altar of Sif Muna.
  6137 | D:5      | Identified the ring "Qiriqiet" {+Blink SInv} (You found it on level 4 of the Dungeon)
  6799 | D:6      | Reached skill level 10 in Stealth
  6855 | D:6      | Reached XP level 9. HP: 39/39 MP: 17/23
  7085 | D:6      | Reached skill level 5 in Dodging
  7108 | D:6      | Reached *** piety under Dithmenos
  7359 | D:6      | Found a staircase to the Ecumenical Temple.
  7364 | Temple   | Entered the Ecumenical Temple
  8089 | D:7      | Found Ylad's Food Shoppe.
  8093 | D:7      | Bought a fruit for 16 gold pieces
  8517 | D:8      | Reached skill level 10 in Dodging
  8752 | D:8      | Found a glowing silver altar of Zin.
  8776 | D:9      | Reached skill level 1 in Fighting
  8778 | D:9      | Found a staircase to the Orcish Mines.
  8969 | D:9      | Found a burning altar of Makhleb.
  8981 | D:9      | Found a hide-covered altar of Uskayaw.
  8981 | D:9      | Found a sparkling altar of Nemelex Xobeh.
  9076 | D:8      | Reached XP level 10. HP: 49/49 MP: 24/24
  9194 | D:8      | Reached **** piety under Dithmenos
  9428 | D:8      | Found a bloodstained altar of Trog.
  9582 | D:8      | Reached skill level 5 in Fighting
  9725 | D:8      | Noticed a three-headed hydra
  9765 | D:8      | Killed a three-headed hydra
 10594 | D:9      | Reached XP level 11. HP: 50/56 MP: 20/25
 10690 | D:9      | Found a white marble altar of Elyvilon.
 10711 | D:9      | Reached ***** piety under Dithmenos
 10880 | D:9      | Reached skill level 10 in Short Blades
 10901 | D:9      | Reached skill level 1 in Ice Magic
 11030 | D:10     | Entered Level 10 of the Dungeon
 11108 | D:10     | Noticed Josephine
 11381 | D:10     | Killed Josephine
 11922 | D:10     | Found Luce Toe's Food Boutique.
 12138 | D:10     | Found a staircase to the Lair.
 12489 | Lair:1   | Entered Level 1 of the Lair of Beasts
 12589 | Lair:1   | Found a labyrinth entrance.
 12595 | Lair:1   | Noticed an eight-headed hydra
 12598 | Lab      | Entered a labyrinth
 12677 | Lab      | Noticed a minotaur
 12692 | Lab      | Killed a minotaur
 12763 | Lair:1   | Killed an eight-headed hydra
 13242 | Lair:1   | You fall through a shaft!
 13446 | Lair:2   | Found a staircase to the Swamp.
 13447 | Lair:2   | Noticed a seven-headed hydra
 13457 | Lair:2   | Killed a seven-headed hydra
 13457 | Lair:2   | Reached XP level 12. HP: 64/67 MP: 26/26
 13673 | Lair:2   | Noticed an eight-headed hydra
 13680 | Lair:2   | Killed an eight-headed hydra
 13680 | Lair:2   | Reached skill level 10 in Fighting
 14165 | Lair:3   | Found a runed door.
 14231 | Lair:3   | Found a staircase to the Snake Pit.
 14231 | Lair:3   | Noticed a death yak
 14231 | Lair:3   | Noticed a death yak
 14231 | Lair:3   | Noticed a death yak
 14231 | Lair:3   | Noticed a death yak
 14263 | Lair:3   | Reached skill level 9 in Hexes
 14349 | Lair:3   | Killed a death yak
 14359 | Lair:3   | Killed a death yak
 14359 | Lair:3   | Reached skill level 10 in Hexes
 14764 | Lair:3   | Killed a death yak
 14831 | Lair:3   | Killed a death yak
 14831 | Lair:3   | Reached skill level 11 in Hexes
 15126 | Lair:3   | Noticed an eight-headed hydra
 15143 | Lair:3   | Killed an eight-headed hydra
 15391 | Lair:3   | Reached skill level 12 in Hexes
 15399 | Lair:3   | Noticed a six-headed hydra
 15405 | Lair:3   | Killed a six-headed hydra
 15743 | Lair:4   | Reached ****** piety under Dithmenos
 17325 | Lair:5   | Reached XP level 13. HP: 72/72 MP: 6/27
 17572 | Lair:5   | Reached skill level 10 in Spellcasting
 17985 | Lair:6   | Entered Level 6 of the Lair of Beasts
 18040 | Lair:6   | Found an ancient bone altar of Kikubaaqudgha.
 18098 | Lair:6   | Learned a level 6 spell: Darkness
 18133 | Lair:6   | Reached skill level 13 in Hexes
 18585 | Lair:6   | Killed from afar by a rime drake

Vault maps used:
D:1:      erik_arrival_blinker_ship, grunt_decor_one_mirror
D:2:      grunt_qazlal_sundering, hangedman_ru_absence,
          nicolae_dithmenos_through_a_glass_darkly, ecumenical_altar_1,
          serial_forest, infiniplex_forest_straight_5,
          infiniplex_forest_fountain, infiniplex_forest_clump_curved,
          infiniplex_forest_lined_room_2, infiniplex_forest_3_way,
          kennysheep_flooded_box, uniq_robin, uniq_natasha, uniq_sigmund
D:4:      first_bread, minmay_hollow_rounded_squares, uniq_crazy_yiuf_cottage,
          uniq_eustachio, uniq_grinder, uniq_menkaure
D:5:      led_sif_pool, kiku_gazebo_pond_becter, serial_co_window_serial,
          co_window_paths_a, co_window_paths_b, co_window_paths_b,
          co_window_paths_b, co_window_of_opportunity_a, co_window_corner_b,
          co_window_unsneaky_path_e, co_window_unsneaky_path_b,
          co_window_2corner, co_window_broadway_c, co_window_corner_cb,
          co_window_corner_b
D:7:      serial_shops, shop_fountains
D:8:      lightli_temple_of_fire, zin_statuary, hangedman_ranch
D:9:      nicolae_overflow_hidden_temple, orc_0_dummy
D:10:     lair_0_dummy, serial_shops, shop, uniq_josephine
Temple:   jpeg_temple_island
Lair:1:   lab_entry_generic
Lair:2:   minmay_swamp_entry_reptiles
Lair:3:   minmay_snake_entry_guardpost_medium, serial_forest,
          infiniplex_forest_clump_long, infiniplex_forest_straight_5,
          infiniplex_forest_join, infiniplex_forest_straight_3,
          infiniplex_forest_side_room, infiniplex_forest_clump_small,
          infiniplex_forest_side_room, wad_woods_06, pf_torpor_hydra,
          serial_bayou_shore_a
Lair:4:   serial_bayou_shore_b
Lair:5:   minmay_lair_oklob_chamber, grunt_megastairs_1
Lair:6:   minmay_lair_end_frog_pond, minmay_slime_entry_oklob_enclosed,
          basic_altar
Lab:      labyrinth_watery, nicolae_lab_diamond, nicolae_lab_hexagon,
          nicolae_lab_grate_2, nicolae_lab_lava

Skill      XL: |  1  2  3  4  5  6  7  8  9 10 11 12 13 |
---------------+----------------------------------------+-----
Short Blades   | 2 3 4 9 10 | 10.1
Hexes          | 6 8 12 13 | 13.9
Spellcasting   | 4 7 9 11 | 11.0
Stealth        | 10 11 12 | 12.1
Dodging        | 10 | 10.4
Fighting       | 3 5 9 10 | 10.1
Ice Magic      | 2 |  2.0

Action                   |  1- 3 |  4- 6 |  7- 9 | 10-12 | 13-15 || total
-------------------------+-------+-------+-------+-------+-------++-------
Melee: Dagger            |   170 |   139 |   349 |   596 |    82 ||  1336
 Cast: Ensorcelled Hiber |     5 |    24 |    66 |   160 |    65 ||   320
       Confuse           |       |     4 |    19 |    94 |     7 ||   124
  Use: Scroll            |     4 |     2 |     9 |     5 |     2 ||    22
 Stab: Sleeping          |    14 |    19 |    76 |   134 |    36 ||   279
       Distracted        |     1 |     3 |       |     1 |     1 ||     6
       Confused          |       |     2 |    12 |    46 |     4 ||    64
  Eat: Fruit             |       |     3 |     2 |     1 |       ||     6
       Bread ration      |       |       |     1 |       |       ||     1
       Royal jelly       |       |       |       |     1 |       ||     1
       Pizza             |       |       |       |     1 |     1 ||     2
Armor: Robe              |    18 |     9 |    13 |    18 |     3 ||    61
Dodge: Dodged            |    75 |    69 |   210 |   364 |    88 ||   806
